 Dungeon Crawl Stone Soup version 0.23.0 (webtiles) character file.

Game seed: 5722012559105247908

23870 syranez the Brawler (level 12, -10/166 HPs)
             Began as a Troll Berserker on Feb 17, 2019.
             Was a High Priest of Trog.
             Mangled by Urug
             ... wielding a +4 battleaxe of chopping
              (23 damage)
             ... on level 12 of the Dungeon on Feb 18, 2019.
             The game lasted 00:35:39 (13966 turns).

syranez the Brawler (Troll Berserker)              Turns: 13966, Time: 00:35:39

Health: -10/166    AC:  6    Str: 39    XL:     12   Next: 75%
Magic:  11/11      EV: 12    Int:  4    God:    Trog [*****.]
Gold:   731        SH:  0    Dex: 10    Spells: 11/11 levels left

rFire    . . .     SeeInvis .     - Unarmed
rCold    + . .     Gourm    +   (no shield)
rNeg     . . .     Faith    .   K - +0 robe of Watchfulness {Str+4} (curse)
rPois    .         Spirit   .   (helmet restricted)
rElec    .         Reflect  .   u - scarf {cloud immunity}
rCorr    .         Harm     .   (gloves unavailable)
MR       .....                  (boots unavailable)
Stlth    ..........             (no amulet)
HPRegen  0.77/turn              B - ring of protection from cold
MPRegen  0.12/turn              p - ring of flight

@: berserking, very quick
A: large, unfitting armour, claws 3, fast metabolism 3, gourmand, regeneration
1, shaggy fur 1, tough skin 3
a: Berserk, Trog's Hand, Brothers in Arms, Renounce Religion, Evoke Flight


You were on level 12 of the Dungeon.
You worshipped Trog.
Trog was extremely pleased with you.
You were very full.

You visited 1 branch of the dungeon, and saw 12 of its levels.
You also visited: Ossuary.

You collected 871 gold pieces.
You spent 140 gold pieces at shops.

Inventory:

Hand Weapons
 a - a +8 arbalest
 w - a +1 giant spiked club
 E - the +8 war axe "Kisets" {freeze, *Noise rElec Int+3}
   (You took it off a gnoll on level 6 of the Dungeon)

   It has been specially enchanted to freeze those struck by it, causing extra
   injury to most foes and up to half again as much damage against particularly
   susceptible opponents.
   It can also slow down cold-blooded creatures.
   It affects your intelligence (+3).
   It insulates you from electricity.
   It may make noises in combat.
Missiles
 m - 38 tomahawks (quivered)
 G - a throwing net
 M - 94 bolts
Armour
 u - a scarf of cloud immunity (worn)
 z - a +1 robe
 K - the cursed +0 robe of Watchfulness (worn) {Str+4}
   (You found it on level 11 of the Dungeon)

   It affects your strength (+4).
   It has a curse placed upon it.
Jewellery
 k - an uncursed ring of ice
 p - a ring of flight (right claw)
 B - a ring of protection from cold (left claw)
 J - an uncursed ring of positive energy
Wands
 F - a wand of paralysis (7)
 H - a wand of acid (9)
 I - a wand of enslavement (10)
 N - a wand of disintegration (30)
Scrolls
 h - 4 scrolls of blinking
 i - 9 scrolls of remove curse
 j - 6 scrolls of enchant weapon
 l - a scroll of fear
 o - 2 scrolls of fog
 r - 6 scrolls of teleportation
 s - 2 scrolls of magic mapping
 y - a scroll of enchant armour
 C - 3 scrolls of immolation
 O - 2 scrolls of identify
Potions
 c - 5 potions of lignification
 d - 2 potions of magic
 e - 2 potions of haste
 f - 6 potions of agility
 g - 2 potions of flight
 n - 4 potions of brilliance
 q - 3 potions of heal wounds
 v - 2 potions of mutation
 x - 3 potions of invisibility
 A - 3 potions of might
 D - 2 potions of curing
Miscellaneous
 t - a lamp of fire
Comestibles
 b - 24 rations
 L - 4 chunks of flesh


   Skills:
 + Level 5.3 Fighting
 - Level 1.0 Crossbows
 + Level 5.9 Dodging
 - Level 1.0 Stealth
 * Level 18.4 Unarmed Combat


You had 11 spell levels left.
You didn't know any spells.
Your spell library was empty.

Dungeon Overview and Level Annotations

Branches:
Dungeon (12/15)            Temple (0/1) D:6            Lair (0/6) D:11
    Orc (0/2) D:12

Altars:
Cheibriados
Fedhas
Gozag
Hepliaklqana
Kikubaaqudgha
Makhleb
Okawaru
Qazlal
Trog
Uskayaw
Xom
Yredelemnul
The Shining One
Beogh

Shops:
D:6 !   D:12 [==(

Annotations:
D:12 Urug


Innate Abilities, Weirdness & Mutations

You are too large for most types of armour.
You have claws for hands.
Your metabolism is lightning-fast.
You like to eat raw meat.
Your natural rate of healing is unusually fast.
You are covered in fur. (AC +1)
You have extremely tough skin. (AC +3)


Message History

Urug hits you with a +4 battleaxe of chopping!!
You mangle Urug!!
Urug is severely wounded.
Urug closely misses you.
You scratch Urug.
Urug is severely wounded.
You closely miss Urug.
Urug is severely wounded.
Urug hits you with a +4 battleaxe of chopping!!
* * * LOW HITPOINT WARNING * * *
x2 You closely miss Urug.
Urug is severely wounded.
Urug hits you with a +4 battleaxe of chopping.
* * * LOW HITPOINT WARNING * * *
x2 A red film seems to cover your vision as you go berserk!
You feel yourself moving faster!
You feel mighty! Urug barely misses you.
You scratch Urug.
Urug is severely wounded.
Urug hits you with a +4 battleaxe of chopping!!
You die...

.############
......o@(..(#
#.#########.##
####### #.#
#.......#
......# #.#
#.#######
......# #.# #.#
...>..# #.# #.#
......# #.# #.#
......# #.# #.#
#...รท####.###.#


You could see Urug.

Vanquished Creatures
  Harold (D:7)
  A hydra (D:12)
  4 two-headed ogres
  Nergalle (D:12)
  An unseen horror (D:10)
  Pikel (D:7)
  4 ugly things (D:11)
  2 oklob plants (D:11)
  A cyclops (D:11)
  4 centaur zombies
  Joseph (D:7)
  3 trolls
  A polar bear (D:9)
  2 hornets (D:8)
  3 slime creatures (D:12)
  2 hippogriffs
  3 wyverns
  2 vampires
  9 yaks
  Eustachio (D:5)
  A hungry ghost (D:6)
  Edmund (D:5)
  A water moccasin (D:4)
  14 orc warriors
  6 ice beasts
  2 sky beasts (D:7)
  A phantom (D:6)
  3 eyes of draining
  3 slaves
  2 necrophages
  12 ogres
  A boggart (D:11)
  10 centaurs
  A crocodile (D:11)
  A big kobold (D:11)
  6 bullfrogs
  4 water moccasin zombies (Ossuary)
  2 scorpions
  3 killer bees (D:11)
  A howler monkey (D:4)
  A wight (D:6)
  13 crimson imps
  A quasit (D:11)
  A bullfrog skeleton (D:12)
  11 hounds
  7 orc priests
  5 centaur skeletons
  5 jellies
  15 orc wizards
  3 bullfrog zombies
  6 iguanas
  7 worker ants
  3 big kobold zombies (Ossuary)
  3 hound zombies
  A hound skeleton (D:9)
  2 mummies (Ossuary)
  A howler monkey zombie (D:11)
  A worker ant zombie (D:11)
  A howler monkey skeleton (D:9)
  8 gnolls
  12 adders
  2 shadow imps
  3 white imps (D:10)
  2 ufetubi (D:10)
  3 oozes
  7 adder zombies
  An adder skeleton (D:7)
  2 worms
  A dart slug (D:2)
  8 leopard geckos
  59 orcs
  9 giant cockroaches
  6 goblins
  9 hobgoblins
  13 jackals
  2 quokkas
  3 bats
  2 frilled lizards (D:1)
  3 hobgoblin zombies (Ossuary)
  2 jackal skeletons
  8 kobolds
  5 kobold zombies (Ossuary)
  3 leopard gecko skeletons
  5 orc zombies (Ossuary)
  A quokka zombie (D:5)
  7 rats
395 creatures vanquished.

Vanquished Creatures (collateral kills)
  A death yak (D:9)
  An orc knight (D:11)
  A tengu conjurer (D:11)
  A hornet (D:8)
  A slime creature (D:12)
  An ogre (D:11)
  3 orcs
9 creatures vanquished.

Vanquished Creatures (others)
  An orc (D:7)
1 creature vanquished.

Grand Total: 405 creatures vanquished

Notes
Turn   | Place    | Note
-------+----------+-------------------------------------------
     0 | D:1      | syranez the Troll Berserker began the quest for the Orb.
     0 | D:1      | Reached XP level 1. HP: 22/22 MP: 0/0
   111 | D:1      | Reached XP level 2. HP: 27/29 MP: 1/1
   258 | D:1      | Reached XP level 3. HP: 35/36 MP: 2/2
   290 | D:1      | Reached skill level 4 in Unarmed Combat
   340 | D:1      | Reached ** piety under Trog
   573 | D:2      | Found an iron altar of Okawaru.
   719 | D:2      | Found a stormy altar of Qazlal.
   719 | D:2      | Found a hide-covered altar of Uskayaw.
   725 | D:2      | Found an opulent altar of Gozag.
   806 | D:2      | Found a glowing golden altar of the Shining One.
   920 | D:2      | Found a snail-covered altar of Cheibriados.
   922 | D:2      | Reached XP level 4. HP: 42/44 MP: 3/3
  1216 | D:3      | Reached skill level 5 in Unarmed Combat
  1292 | D:3      | Noticed an ogre
  1309 | D:3      | Killed an ogre
  1309 | D:3      | Reached XP level 5. HP: 52/52 MP: 4/4
  1406 | D:3      | Reached skill level 6 in Unarmed Combat
  1504 | D:3      | Found a basalt altar of Yredelemnul.
  1506 | D:3      | Found a blossoming altar of Fedhas.
  1509 | D:3      | Found an ancient bone altar of Kikubaaqudgha.
  1539 | D:3      | Reached *** piety under Trog
  1786 | D:3      | Reached XP level 6. HP: 60/61 MP: 5/5
  2162 | D:4      | Noticed a water moccasin
  2168 | D:4      | Reached skill level 7 in Unarmed Combat
  2178 | D:4      | Killed a water moccasin
  2178 | D:4      | Reached XP level 7. HP: 16/67 MP: 6/6
  2463 | D:4      | Reached skill level 8 in Unarmed Combat
  2945 | D:5      | Entered Level 5 of the Dungeon
  3049 | D:5      | Reached skill level 9 in Unarmed Combat
  3049 | D:5      | Reached XP level 8. HP: 66/75 MP: 7/7
  3064 | D:5      | Noticed Edmund
  3082 | D:5      | Killed Edmund
  3184 | D:5      | Found a sand-covered staircase.
  3193 | Ossuary  | Entered an ossuary
  3220 | Ossuary  | Reached **** piety under Trog
  3368 | Ossuary  | Reached skill level 10 in Unarmed Combat
  4260 | D:5      | Noticed Eustachio
  4437 | D:5      | Killed Eustachio
  4437 | D:5      | Reached skill level 1 in Stealth
  4565 | D:5      | Reached XP level 9. HP: 78/83 MP: 8/8
  4788 | D:5      | Reached skill level 11 in Unarmed Combat
  5401 | D:6      | Found Sirgh's Distillery.
  5528 | D:6      | Bought 2 potions of curing for 84 gold pieces
  5528 | D:6      | Bought a potion of might for 56 gold pieces
  5544 | D:6      | Reached ***** piety under Trog
  5681 | D:6      | Found a staircase to the Ecumenical Temple.
  5744 | D:6      | Found a bloodstained altar of Trog.
  5789 | D:6      | Reached skill level 12 in Unarmed Combat
  6177 | D:7      | Noticed Harold
  6374 | D:7      | Killed Harold
  6374 | D:7      | Reached skill level 13 in Unarmed Combat
  6374 | D:7      | Reached XP level 10. HP: 70/92 MP: 9/9
  6374 | D:7      | Identified the +8 war axe "Kisets" {freeze, *Noise rElec
                  | Int+3}
  6716 | D:7      | Found a burning altar of Makhleb.
  6716 | D:7      | Found a shimmering altar of Xom.
  6859 | D:7      | Noticed Pikel
  6966 | D:7      | Noticed Joseph
  6989 | D:7      | Killed Joseph
  7167 | D:7      | Killed Pikel
  7575 | D:8      | Noticed a two-headed ogre
  7594 | D:8      | Killed a two-headed ogre
  7594 | D:8      | Reached skill level 14 in Unarmed Combat
  8008 | D:8      | Paralysed by a hornet for 1 turns
  8012 | D:8      | Paralysed by a hornet for 3 turns
  8201 | D:8      | Received a gift from Trog
  8560 | D:8      | Reached skill level 5 in Dodging
  8935 | D:9      | Reached XP level 11. HP: 72/100 MP: 10/10
  9026 | D:9      | Reached skill level 15 in Unarmed Combat
  9058 | D:9      | Noticed a two-headed ogre
  9170 | D:9      | Killed a two-headed ogre
  9378 | D:9      | Found a hazy altar of Hepliaklqana.
  9523 | D:9      | Reached skill level 1 in Crossbows
 10095 | D:10     | Entered Level 10 of the Dungeon
 10161 | D:10     | Noticed a death yak
 10186 | D:9      | Killed a death yak
 10529 | D:10     | Reached skill level 16 in Unarmed Combat
 11023 | D:11     | Found an opulent altar of Gozag.
 11089 | D:11     | Found a staircase to the Lair.
 11145 | D:10     | Killed an unseen horror
 11376 | D:11     | Noticed a red ugly thing
 11378 | D:11     | Noticed a red ugly thing
 11406 | D:11     | Killed a green ugly thing
 11410 | D:11     | Killed a green ugly thing
 11583 | D:11     | Noticed an oklob plant
 11599 | D:11     | Noticed an orc knight
 11609 | D:11     | Killed an orc knight
 11680 | D:11     | Received a gift from Trog
 11697 | D:11     | Reached skill level 5 in Fighting
 11704 | D:11     | Reached XP level 12. HP: 88/111 MP: 3/11
 11720 | D:11     | Noticed a two-headed ogre
 11931 | D:11     | Killed a two-headed ogre
 11931 | D:11     | Reached skill level 17 in Unarmed Combat
 12083 | D:11     | Got an ominously black robe
 12094 | D:11     | Identified the cursed +0 robe of Watchfulness {Str+4} (You
                  | found it on level 11 of the Dungeon)
 12849 | D:12     | Found Poasoj's Armour Emporium.
 12869 | D:12     | Noticed a four-headed hydra
 12873 | D:12     | Killed a six-headed hydra
 12882 | D:12     | Noticed a two-headed ogre
 12892 | D:12     | Killed a two-headed ogre
 13096 | D:12     | Reached skill level 18 in Unarmed Combat
 13165 | D:12     | Found a roughly hewn altar of Beogh.
 13165 | D:12     | Found a staircase to the Orcish Mines.
 13165 | D:12     | Noticed Nergalle
 13173 | D:12     | Killed Nergalle
 13345 | D:12     | Found Teagref's Jewellery Emporium.
 13428 | D:12     | Found Yloliwic's Jewellery Shop.
 13603 | D:12     | Found Gufeox's Weapon Shop.
 13952 | D:12     | Noticed Urug
 13966 | D:12     | Mangled by Urug

Skill      XL: |  1  2  3  4  5  6  7  8  9 10 11 12 |
---------------+-------------------------------------+-----
Unarmed Combat | 4 5 6 7 9 10 13 14 16 18 | 18.4
Fighting       | 3 4 5 |  5.3
Dodging        | 3 4 5 |  5.9
Stealth        | 1 |  1.0
Crossbows      | 1 |  1.0

Action                   |  1- 3 |  4- 6 |  7- 9 | 10-12 || total
-------------------------+-------+-------+-------+-------++-------
Melee: Unarmed           |   106 |    98 |   335 |   482 ||  1021
       Punch             |     2 |       |     8 |    34 ||    44
 Fire: Arbalest          |       |       |       |    75 ||    75
Invok: Berserk           |       |     2 |     3 |     7 ||    12
       Trog's Hand       |       |     1 |       |     3 ||     4
       Brothers in Arms  |       |       |       |     8 ||     8
  Use: Scroll            |     1 |     6 |     9 |     9 ||    25
       Potion            |       |       |       |     3 ||     3
 Stab: Sleeping          |       |       |     3 |     1 ||     4
       Distracted        |       |       |     1 |       ||     1
  Eat: Chunk             |     9 |    10 |    49 |    86 ||   154
Armor: Animal skin       |    41 |    36 |    39 |       ||   116
       Robe              |       |       |    41 |    91 ||   132
Dodge: Dodged            |    52 |    48 |   138 |   207 ||   445
